[Event "ICCopen2017"]
[Site "Internet Chess Club"]
[Date "2017.03.19"]
[Round "10"]
[White "chessvignesh"]
[Black "KnightWalker"]
[Result "0-1"]
[ICCResult "White resigns"]
[WhiteElo "1203"]
[BlackElo "1416"]
[Opening "Sicilian"]
[ECO "B54"]
[NIC "SI.01"]
[Time "21:03:20"]
[TimeControl "180+0"]

1. e4 c5 2. Nf3 d6 3. d4 cxd4 4. Nxd4 Nc6 5. Be3 Nf6 6. Nc3 a6 7. Qd2 e6 8.
f3 Be7 9. O-O-O O-O 10. f4 Bd7 11. h3 Ne8 12. g4 b5 13. Nce2 Rc8 14. Ng3 g6
15. f5 Bf6 16. Nxc6 Bxc6 17. Bh6 Ng7 18. g5 Be5 19. f6 Bxg3 20. Bxg7 Re8 21.
h4 e5 22. h5 Bf4 23. hxg6 Bxd2+ 24. Rxd2 fxg6 25. Rdh2 Bxe4 26. Rxh7 Bxh1
27. Rh8+ Kf7 28. Kb1 Rxh8 29. Bxh8 Qxh8 30. Bg2 Bxg2 {White resigns} 0-1

[Event "ICCopen2017"]
[Site "Internet Chess Club"]
[Date "2017.03.19"]
[Round "10"]
[White "BlueJ"]
[Black "ontheprowl"]
[Result "0-1"]
[ICCResult "White resigns"]
[WhiteElo "2014"]
[BlackElo "1636"]
[Opening "King's Indian: Petrosian system, Stein variation"]
[ECO "E92"]
[NIC "KI.17"]
[Time "21:03:34"]
[TimeControl "180+0"]

1. c4 Nf6 2. Nc3 g6 3. e4 Bg7 4. d4 d6 5. Nf3 O-O 6. Be2 e5 7. d5 a5 8. Bg5
Na6 9. Nd2 Bd7 10. O-O c6 11. b3 cxd5 12. cxd5 Rc8 13. Nb5 Qe7 14. a4 h6 15.
Be3 Nc5 16. f3 Ne8 17. Nc4 f5 18. Bd3 Bxb5 19. axb5 Nc7 20. Nxa5 b6 21. Nc4
Nxb5 22. Nxb6 Rb8 23. Bxb5 Rxb6 24. Bxc5 Rxb5 25. Ra7 Qg5 26. Bxd6 Rd8 27.
Be7 Qe3+ 28. Kh1 Qxa7 29. Bxd8 Qd7 30. Bh4 g5 31. Bf2 f4 32. Qd3 g4 33. Rc1
gxf3 34. gxf3 Rb8 35. Rc6 Rf8 36. Qc2 Qh3 37. Qd1 Kh7 38. Rc8 Rxc8 39. d6
Rc3 {White resigns} 0-1

[Event "ICCopen2017"]
[Site "Internet Chess Club"]
[Date "2017.03.19"]
[Round "10"]
[White "fernandomata"]
[Black "GYMEJR"]
[Result "1-0"]
[ICCResult "Black resigns"]
[WhiteElo "1807"]
[BlackElo "1584"]
[Opening "Sicilian: Smith-Morra gambit"]
[ECO "B21"]
[NIC "SI.48"]
[Time "21:04:12"]
[TimeControl "180+0"]

1. e4 c5 2. d4 cxd4 3. c3 dxc3 4. Nxc3 d6 5. Nf3 e6 6. Bc4 a6 7. O-O Ne7 8.
Bg5 Qc7 9. Qe2 Ng6 10. Bb3 Nc6 11. Rac1 b5 12. Nd5 Qb7 13. Rfd1 Nce5 14.
Nc7+ Qxc7 15. Rxc7 Nxf3+ 16. Qxf3 f6 17. Rdc1 Bd7 18. e5 Rd8 19. exf6 Ne5
20. f7+ Nxf7 21. Bxd8 Nxd8 22. Qh5+ g6 23. Qf3 Be7 24. Qa8 Rf8 25. a4 d5 26.
axb5 Bxb5 27. Rxe7+ Kxe7 28. Rc7+ Kd6 29. Qa7 Nc6 30. Qb6 Rd8 31. Rxc6+ Bxc6
32. Qxd8+ Bd7 33. Ba4 {Black resigns} 1-0

[Event "ICCopen2017"]
[Site "Internet Chess Club"]
[Date "2017.03.19"]
[Round "10"]
[White "Revolutions"]
[Black "TheSid"]
[Result "1-0"]
[ICCResult "Black checkmated"]
[WhiteElo "1798"]
[BlackElo "1512"]
[Opening "Pirc: Ufimtsev-Pytel variation"]
[ECO "B07"]
[NIC "PU.08"]
[Time "21:04:09"]
[TimeControl "180+0"]

1. e4 d6 2. d4 Nf6 3. Nc3 c6 4. Bd3 Qa5 5. Ne2 e5 6. O-O Be7 7. Kh1 O-O 8.
f4 exd4 9. Nxd4 Qb6 10. Be3 Qxb2 11. e5 Qxc3 12. exf6 Bxf6 13. Rb1 Kh8 14.
Nb3 Qb4 15. Nc5 Qa5 16. Nxb7 Bxb7 17. Rxb7 Qxa2 18. Qf3 d5 19. Bc5 Re8 20.
Rxf7 a5 21. Qh5 Re4 22. Rf8# {Black checkmated} 1-0

[Event "ICCopen2017"]
[Site "Internet Chess Club"]
[Date "2017.03.19"]
[Round "10"]
[White "simplerxiao"]
[Black "TrendFriend"]
[Result "0-1"]
[ICCResult "White resigns"]
[WhiteElo "2078"]
[BlackElo "2413"]
[Opening "Sicilian: Sozin, not Scheveningen"]
[ECO "B57"]
[NIC "SI.25"]
[Time "21:03:38"]
[TimeControl "180+0"]

1. e4 c5 2. Nf3 d6 3. d4 Nf6 4. Nc3 cxd4 5. Nxd4 Nc6 6. Bc4 Bd7 7. Nxc6 bxc6
8. Qe2 e5 9. O-O Be7 10. Bb3 O-O 11. Kh1 Be6 12. f4 Qc7 13. f5 Bxb3 14. axb3
h6 15. Rf3 d5 16. Rg3 Kh7 17. Ra6 Qb7 18. h3 Rad8 19. exd5 cxd5 20. Ra5 Bb4
21. Rb5 Qe7 22. Nxd5 Rxd5 23. Rxd5 Nxd5 24. c3 Bd6 25. Rd3 Nf6 26. b4 e4 27.
Rd1 Qe5 28. Kg1 Qh2+ 29. Kf2 Bg3+ 30. Ke3 Bf4+ 31. Kf2 Qg3+ 32. Kg1 Bxc1 33.
Rxc1 e3 34. Rf1 Re8 35. Rf3 Qe5 36. g4 Nd5 37. b5 Nf4 38. Qe1 e2 39. Kh1 Qe4
{White resigns}
0-1

[Event "ICCopen2017"]
[Site "Internet Chess Club"]
[Date "2017.03.19"]
[Round "10"]
[White "egyptiantiger"]
[Black "blackending"]
[Result "0-1"]
[ICCResult "White forfeits on time"]
[WhiteElo "1778"]
[BlackElo "1630"]
[Opening "King's Indian: orthodox, 7...Nbd7"]
[ECO "E94"]
[NIC "KI.13"]
[Time "21:04:07"]
[TimeControl "180+0"]

1. d4 Nf6 2. c4 d6 3. Nf3 g6 4. Nc3 Bg7 5. e4 Nbd7 6. Be2 O-O 7. O-O e5 8.
Be3 Ng4 9. Bg5 Bf6 10. Bc1 exd4 11. Nxd4 Nge5 12. f4 Nc6 13. Nxc6 bxc6 14.
Be3 Nc5 15. Bf3 Re8 16. Kh1 Bg7 17. e5 Ne6 18. Bxc6 Bd7 {White forfeits on
time} 0-1

[Event "ICCopen2017"]
[Site "Internet Chess Club"]
[Date "2017.03.19"]
[Round "10"]
[White "carpedef"]
[Black "Pachec"]
[Result "1-0"]
[ICCResult "Black resigns"]
[WhiteElo "1716"]
[BlackElo "1403"]
[Opening "Caro-Kann defense"]
[ECO "B15"]
[NIC "CK.05"]
[Time "21:03:44"]
[TimeControl "180+0"]

1. e4 c6 2. d4 d5 3. Nc3 e6 4. Nf3 Bb4 5. e5 h6 6. a3 Bxc3+ 7. bxc3 Ne7 8.
Bd3 Nd7 9. O-O a6 10. Bd2 c5 11. Re1 Qc7 12. Rb1 b5 13. h3 Bb7 14. Nh2 cxd4
15. cxd4 Nc6 16. Qg4 Ke7 17. c3 Rag8 18. f4 h5 19. Qh4+ Ke8 20. f5 Nf8 21.
Rf1 Bc8 22. f6 g6 23. Nf3 Na5 24. Ng5 Nc4 25. Bc1 Qa5 26. Bxc4 dxc4 27. Qg3
Bb7 28. Re1 Qc7 29. Rb2 h4 30. Qf4 Rh5 31. Rd2 Bd5 32. Rdd1 Qa5 33. Re3 Nd7
34. Ne4 Bxe4 35. Qxe4 Nb6 36. Qc6+ Nd7 37. Qc8+ Qd8 38. Qxa6 Nb6 39. Qxb5+
Kf8 40. a4 Nd5 41. Ba3+ {Black resigns} 1-0

[Event "ICCopen2017"]
[Site "Internet Chess Club"]
[Date "2017.03.19"]
[Round "10"]
[White "EngHany"]
[Black "biljanic"]
[Result "1-0"]
[ICCResult "Black resigns"]
[WhiteElo "1849"]
[BlackElo "1970"]
[Opening "Queen's Indian: Petrosian system"]
[ECO "E12"]
[NIC "QI.04"]
[Time "21:03:24"]
[TimeControl "180+0"]

1. d4 Nf6 2. c4 e6 3. Nf3 b6 4. a3 Bb7 5. Nc3 Be7 6. Bf4 O-O 7. e3 d6 8. Bd3
Nbd7 9. O-O Nh5 10. Re1 c5 11. h3 Nxf4 12. exf4 Bxf3 13. Qxf3 cxd4 14. Nb5
e5 15. Be4 Rc8 16. Nxa7 Rxc4 17. Bd5 Rc2 18. Nc6 Qe8 19. Qb3 Rc5 20. fxe5
Nxe5 21. Nxe5 dxe5 22. Rxe5 Qd8 23. Rae1 Bf6 24. Bxf7+ Kh8 25. Re8
{Black resigns}
1-0

[Event "ICCopen2017"]
[Site "Internet Chess Club"]
[Date "2017.03.19"]
[Round "10"]
[White "e8thatcat"]
[Black "DEHO"]
[Result "1-0"]
[ICCResult "Black resigns"]
[WhiteElo "1450"]
[BlackElo "2082"]
[Opening "QGD: 3...Nf6"]
[ECO "D35"]
[NIC "QO.16"]
[Time "21:03:37"]
[TimeControl "180+0"]

1. d4 d5 2. c4 e6 3. Nc3 Nf6 4. Qc2 Be7 5. Nf3 O-O 6. e3 c6 7. Bd3 Nbd7 8.
O-O dxc4 9. Bxc4 b5 10. Bd3 Bb7 11. Ne4 Nxe4 12. Bxe4 Nf6 13. Bd3 Rc8 14. a3
c5 15. dxc5 Rxc5 16. Qe2 a6 17. Bd2 Rd5 18. Bc2 Qa8 19. Bb3 Rdd8 20. Rfd1
Ne4 21. Be1 Bf6 22. Nd4 g6 23. f3 Nc5 24. Bb4 Bxd4 25. exd4 Nxb3 26. Bxf8
Nxa1 27. Bh6 Nb3 28. Qe5 {Black resigns} 1-0

[Event "ICCopen2017"]
[Site "Internet Chess Club"]
[Date "2017.03.19"]
[Round "10"]
[White "A4-H5"]
[Black "Magagna"]
[Result "0-1"]
[ICCResult "White forfeits on time"]
[WhiteElo "1782"]
[BlackElo "1648"]
[Opening "Van't Kruijs opening"]
[ECO "A00"]
[Time "21:03:29"]
[TimeControl "180+0"]

1. e3 e5 2. c4 Nf6 3. Nf3 Nc6 4. b4 Bxb4 5. Bb2 d6 6. Be2 O-O 7. O-O Be6 8.
Qb3 b5 9. d3 bxc4 10. dxc4 Rb8 11. Qc2 Re8 12. Ng5 h6 13. Nxe6 fxe6 14. Rd1
Qe7 15. a3 Bc5 16. Nc3 Red8 17. e4 Nd4 18. Qc1 Nb3 19. Qe3 Bxe3 20. fxe3
Nxa1 21. Bxa1 d5 22. exd5 exd5 23. cxd5 Qc5 24. Kh1 Nxd5 25. Ne4 Qxe3 26.
Bf3 Nf4 27. Rf1 Rd3 28. Bxe5 Rbd8 29. Bxc7 R8d7 30. Be5 Rd1 31. Bxd1 Qxe4
32. Bb3+ Kh8 33. Bxf4 Kh7 {White forfeits on time} 0-1

[Event "ICCopen2017"]
[Site "Internet Chess Club"]
[Date "2017.03.19"]
[Round "10"]
[White "Zephyr"]
[Black "LiangLiang"]
[Result "0-1"]
[ICCResult "White resigns"]
[WhiteElo "1550"]
[BlackElo "1780"]
[Opening "QGD: Orthodox defense, 7.Qc2 c5, 8.cd (Rubinstein)"]
[ECO "D62"]
[NIC "QO.12"]
[Time "21:04:37"]
[TimeControl "180+0"]

1. c4 Nf6 2. Nc3 e6 3. d4 d5 4. Bg5 Be7 5. e3 Nbd7 6. Nf3 O-O 7. Qc2 c5 8.
cxd5 exd5 9. dxc5 Nxc5 10. g3 Nce4 11. Nxe4 Nxe4 12. Bxe7 Qxe7 13. Bg2 Bf5
14. Nd4 Bg6 15. Qe2 Qb4+ 16. Kf1 Nd2+ 17. Kg1 Qxb2 18. Rd1 Nc4 19. Bxd5 Qxe2
20. Nxe2 Rfd8 21. Nc3 Rac8 22. Kg2 b5 23. Nxb5 Rxd5 24. Rxd5 Be4+ 25. Kh3
Bxd5 26. Rd1 Be6+ 27. Kg2 a6 28. Nd6 Nxd6 29. Rxd6 Ra8 {White resigns} 0-1

[Event "ICCopen2017"]
[Site "Internet Chess Club"]
[Date "2017.03.19"]
[Round "10"]
[White "JESSEJOSE"]
[Black "starfiasch"]
[Result "1/2-1/2"]
[ICCResult "Black ran out of time and White has no material to mate"]
[WhiteElo "1566"]
[BlackElo "1548"]
[Opening "Caro-Kann: Forgács variation"]
[ECO "B15"]
[NIC "CK.06"]
[Time "21:03:11"]
[TimeControl "180+0"]

1. e4 c6 2. d4 d5 3. Nd2 dxe4 4. Nxe4 Nf6 5. Nxf6+ exf6 6. Bc4 Be7 7. Nf3
O-O 8. O-O Bf5 9. h3 Bg6 10. d5 cxd5 11. Bxd5 Nc6 12. Bxc6 bxc6 13. Qxd8
Raxd8 14. c3 c5 15. Be3 Rd5 16. Rfd1 Rfd8 17. Rxd5 Rxd5 18. c4 Rd3 19. b3
Kf8 20. Ne1 Rd7 21. Kf1 Ke8 22. Ke2 a6 23. Rd1 Rxd1 24. Kxd1 Kd7 25. Kd2 Kc6
26. Nd3 Bd6 27. Nf4 Bb1 28. a3 Be4 29. f3 Bf5 30. Nd5 Be6 31. Nf4 Bf5 32.
Nh5 Bf8 33. Kc3 Bc8 34. b4 cxb4+ 35. axb4 Kd6 36. b5 Ke6 37. b6 Bb7 38. c5
Kd5 39. Nf4+ Kc6 40. Kb4 g6 41. Ne2 Kd5 42. Nc3+ Kc6 43. Kc4 a5 44. Ne2 Ba6+
45. Kc3 Bxe2 46. f4 Bf1 47. g3 Ba6 48. Kd4 Bxc5+ 49. Ke4 Bxb6 50. Bd2 Bb5
51. g4 Kc5 52. f5 a4 53. fxg6 fxg6 54. Bc3 Bd8 55. h4 Kc4 56. Ba1 Kb3 57. g5
fxg5 58. hxg5 Bxg5 59. Kd5 Bc4+ 60. Kc5 a3 61. Be5 a2 62. Kb6
{Black ran out of time and White has no material to mate}
1/2-1/2

[Event "ICCopen2017"]
[Site "Internet Chess Club"]
[Date "2017.03.19"]
[Round "10"]
[White "tonychess2014"]
[Black "zelog"]
[Result "0-1"]
[ICCResult "White resigns"]
[WhiteElo "1804"]
[BlackElo "2039"]
[Opening "French: exchange variation"]
[ECO "C01"]
[NIC "FR.01"]
[Time "21:03:31"]
[TimeControl "180+0"]

1. e4 e6 2. d4 d5 3. exd5 exd5 4. c4 Nf6 5. Nc3 Be7 6. Nf3 O-O 7. Be2 dxc4
8. O-O Nbd7 9. Bxc4 Nb6 10. Be2 Bg4 11. h3 Bh5 12. Be3 Nbd5 13. Nxd5 Nxd5
14. Ne5 Bxe2 15. Qxe2 f6 16. Nf3 Bd6 17. Kh1 c6 18. Rfd1 Re8 19. Qd3 Qd7 20.
Rac1 Re7 21. a3 Rae8 22. Re1 Nxe3 23. fxe3 Bg3 24. Re2 f5 25. Qb3+ Kh8 26.
Ng5 h6 27. Nf3 Re4 28. Rc5 R8e7 29. Rc3 Qe8 30. Qd1 Rxe3 31. Rexe3 Rxe3 32.
Rxe3 Qxe3 33. Qb1 Qe4 34. Qd1 Kh7 35. Qf1 f4 36. Ne5 Qe1 37. Qxe1 Bxe1 38.
b3 Bc3 39. Nf3 g5 40. Kg1 Kg6 41. Kf2 Kf5 42. g4+ Ke4 43. h4 Bxd4+ 44. Kg2
Bf6 45. hxg5 hxg5 46. Kf2 Kd3 47. b4 b6 48. a4 c5 49. bxc5 bxc5 50. Ne1+ Kd2
51. Nf3+ Kd1 52. Ng1 c4 53. Kf3 c3 54. Ne2 c2 55. a5 c1=Q 56. Nxc1 Kxc1 57.
a6 Kd2 58. Ke4 Ke2 59. Kf5 Bd4 60. Ke4 {White resigns} 0-1

[Event "ICCopen2017"]
[Site "Internet Chess Club"]
[Date "2017.03.19"]
[Round "10"]
[White "Osinger"]
[Black "Wilsonpalencia"]
[Result "0-1"]
[ICCResult "White resigns"]
[WhiteElo "1611"]
[BlackElo "2580"]
[Opening "Sicilian: Smith-Morra gambit"]
[ECO "B21"]
[NIC "SI.48"]
[Time "21:03:36"]
[TimeControl "180+0"]

1. e4 c5 2. d4 cxd4 3. c3 dxc3 4. Nf3 e6 5. Bc4 cxb2 6. Bxb2 Bb4+ 7. Nbd2
Nf6 8. O-O O-O 9. e5 Ne8 10. Ne4 d5 11. exd6 Nxd6 12. Nxd6 Qxd6 13. Qe2 Nc6
14. Rad1 Qf4 15. g3 Qg4 16. Kg2 Be7 17. h3 Qh5 18. Bd3 g6 19. Qc2 e5 20. Ng1
Nb4 21. Qc3 Nxd3 22. Rxd3 Bf6 23. g4 Qh6 24. Qb3 Be6 25. Qxb7 Rab8 26. Qxa7
Rxb2 27. Re1 Qf4 28. Rf3 Bd5 29. Qa3 Bxf3+ 30. Nxf3 e4 31. Re3 exf3+ 32.
Rxf3 Qe4 33. g5 Bg7 34. Qd3 Qxd3 35. Rxd3 Rxa2 36. h4 Rb8 37. Kg3 Rbb2 38.
Rd8+ Bf8 39. f3 Ra3 40. h5 Rbb3 41. hxg6 Rxf3+ 42. Kg4 hxg6 43. Re8 Rfb3 44.
Re4 Rb4 45. Rxb4 Bxb4 46. Kf4 Be7 47. Kg4 Ra4+ 48. Kg3 Bxg5 49. Kh3 Rf4 50.
Kg3 Kg7 51. Kh3 Kh6 52. Kg3 Kh5 53. Kh3 Rf3+ 54. Kg2 Kg4 55. Kh2 Rf2+ 56.
Kh1 Kg3 57. Kg1 Be3 {White resigns} 0-1

[Event "ICCopen2017"]
[Site "Internet Chess Club"]
[Date "2017.03.19"]
[Round "10"]
[White "Barbos"]
[Black "jefferyx"]
[Result "1-0"]
[ICCResult "Black resigns"]
[WhiteElo "2512"]
[BlackElo "2642"]
[Opening "Grünfeld: Three knights variation"]
[ECO "D90"]
[NIC "GI.07"]
[Time "21:03:29"]
[TimeControl "180+0"]

1. d4 Nf6 2. c4 g6 3. Nc3 d5 4. Nf3 Bg7 5. cxd5 Nxd5 6. Bd2 O-O 7. Rc1 Nxc3
8. Bxc3 c5 9. e3 cxd4 10. Nxd4 Bd7 11. Be2 Nc6 12. O-O Rc8 13. Nxc6 Bxc6 14.
Bxg7 Kxg7 15. Bf3 Qxd1 16. Rfxd1 Bxf3 17. gxf3 Rfd8 18. Kg2 Rxc1 19. Rxd8
Rc2 20. b3 Rxa2 21. Rd7 b5 22. Rxe7 b4 23. Rb7 a5 24. Rb5 Kf6 25. f4 Ke6 26.
Kf3 Kd6 27. f5 Ra3 28. Ke4 Kc6 29. Rd5 Kb6 30. fxg6 fxg6 31. Rd3 Ra2 32. Kf3
Kc5 33. e4 Rc2 34. e5 Rc3 35. Ke4 g5 36. Rxc3+ bxc3 37. Kd3 Kd5 38. Kxc3
Kxe5 39. Kc4 Kf4 40. Kb5 Kf3 41. Kxa5 Kxf2 42. b4 Kg2 43. b5 Kxh2 44. b6 g4
45. b7 h5 46. b8=Q+ g3 47. Qf4 Kh3 48. Qf3 {Black resigns} 1-0

[Event "ICCopen2017"]
[Site "Internet Chess Club"]
[Date "2017.03.19"]
[Round "10"]
[White "mijail58"]
[Black "Lzmann"]
[Result "0-1"]
[ICCResult "White resigns"]
[WhiteElo "1472"]
[BlackElo "1664"]
[Opening "King's Indian, 3.Nf3"]
[ECO "E61"]
[NIC "KI.20"]
[Time "21:03:48"]
[TimeControl "180+0"]

1. d4 Nf6 2. Nf3 g6 3. c4 Bg7 4. Nc3 O-O 5. h3 d6 6. e4 Na6 7. Be3 e5 8. d5
Re8 9. a3 Nc5 10. Nd2 a5 11. b4 axb4 12. axb4 Rxa1 13. Qxa1 Ncd7 14. c5 Nh5
15. Be2 f5 16. f3 f4 17. Bf2 Qg5 18. Rg1 Ndf6 19. cxd6 cxd6 20. Nb5 Rd8 21.
Nc4 Ne8 22. Bb6 Rd7 23. Qa8 Qd8 24. Bxd8 Rxd8 25. Nbxd6 Bf8 26. Nxe8 Rxe8
27. Nb6 Bxb4+ 28. Kf1 Ng3+ 29. Kf2 Bd7 30. Qxe8+ Bxe8 31. Nc4 Bc5+ 32. Ke1
Bxg1 33. Nxe5 Bd4 34. Ng4 Nxe2 35. Kxe2 b5 36. Kd3 Bg7 37. e5 Kf7 38. e6+
Ke7 39. Nf2 Kd6 40. Ke4 b4 41. Nd3 b3 42. Nb2 Bxb2 43. h4 Bc3 {White
resigns} 0-1

[Event "ICCopen2017"]
[Site "Internet Chess Club"]
[Date "2017.03.19"]
[Round "10"]
[White "Mamba"]
[Black "dfvm"]
[Result "1-0"]
[ICCResult "Black resigns"]
[WhiteElo "2569"]
[BlackElo "2017"]
[Opening "Queen's pawn game"]
[ECO "A45"]
[NIC "QP.07"]
[Time "21:03:46"]
[TimeControl "180+0"]

1. d4 Nf6 2. Nc3 e6 3. Bg5 Be7 4. Nf3 c5 5. e4 cxd4 6. Qxd4 Nc6 7. Qd2 d6 8.
O-O-O Bd7 9. Bxf6 gxf6 10. Nb5 a6 11. Nxd6+ Bxd6 12. Qxd6 Qa5 13. Qxd7+ Kf8
14. Qxb7 Kg7 15. Qxc6 Qxa2 16. Qc3 Rhd8 17. Bd3 Rac8 18. Qa3 Qxa3 19. bxa3
Rc3 20. Kb2 Rc5 21. Rhe1 Rb8+ 22. Ka2 e5 23. Rb1 Rbc8 24. Rb7 Rc3 25. Nh4
R8c5 26. Re3 Kf8 27. Nf5 Ke8 28. Rg3 Kf8 29. Nd6 Ra5 {Black resigns} 1-0

[Event "ICCopen2017"]
[Site "Internet Chess Club"]
[Date "2017.03.19"]
[Round "10"]
[White "Mandragora"]
[Black "juandeperea"]
[Result "0-1"]
[ICCResult "White forfeits on time"]
[WhiteElo "1597"]
[BlackElo "1883"]
[Opening "Sicilian"]
[ECO "B50"]
[NIC "SI.01"]
[Time "21:03:12"]
[TimeControl "180+0"]

1. e4 c5 2. Nf3 d6 3. Bc4 Nf6 4. d3 e6 5. O-O Be7 6. a4 O-O 7. c3 d5 8. exd5
exd5 9. Ba2 h6 10. h3 Be6 11. Nbd2 Nc6 12. Re1 Qc7 13. Nf1 Rfe8 14. Ng3 Rad8
15. Bd2 Bd6 16. Nf1 a6 17. Qc2 Qd7 18. Ng3 Qc7 19. Nf1 Bf5 20. Rxe8+ Rxe8
21. Re1 Rxe1 22. Bxe1 Qe7 23. Qd2 Qd7 24. Ng3 Be6 25. Bb1 Ne7 26. d4 Qxa4
27. dxc5 Bxc5 28. Ne5 Nc6 29. Nxc6 bxc6 30. b4 Bd6 31. Qd3 g6 32. Qf3 Kg7
33. Bd2 Qa1 34. Qd3 Bxg3 35. fxg3 Bf5 36. Bxh6+ Kxh6 37. Qe3+ Kg7 38. Kh2
Qxb1 39. g4 Qe4 40. Qb6 Qe5+ 41. Kg1 Be4 42. Qxa6 Qg3 43. Qe2 Qxc3 44. h4
Qxb4 45. h5 Qd4+ 46. Kh1 Qe5 47. hxg6 fxg6 48. g5 Qxg5 {White forfeits on
time} 0-1

[Event "ICCopen2017"]
[Site "Internet Chess Club"]
[Date "2017.03.19"]
[Round "10"]
[White "unkavalo"]
[Black "MasterMind"]
[Result "1-0"]
[ICCResult "Black resigns"]
[WhiteElo "2424"]
[BlackElo "1796"]
[Opening "English opening"]
[ECO "A13"]
[NIC "EO.64"]
[Time "21:03:31"]
[TimeControl "180+0"]

1. c4 e6 2. Nc3 d5 3. e3 c6 4. Nf3 f5 5. Be2 Nf6 6. O-O Bd6 7. Qc2 O-O 8. d3
dxc4 9. dxc4 e5 10. e4 f4 11. Rd1 Qe7 12. Na4 Bg4 13. c5 Bc7 14. b4 Bxf3 15.
Bxf3 Nbd7 16. Bb2 g5 17. h3 h5 18. Qe2 Qf7 19. Rd2 Rfd8 20. Rad1 Nf8 21. Nc3
Ne6 22. Nd5 cxd5 23. exd5 Nd4 24. Bxd4 exd4 25. d6 Bxd6 26. cxd6 Rxd6 27.
Rxd4 Re8 28. Rxd6 Rxe2 29. Bxe2 g4 30. hxg4 hxg4 31. R1d4 Qe7 32. Re6 Qxe6
33. Bc4 Kf7 34. Rxf4 Ke7 35. Bxe6 {Black resigns} 1-0

[Event "ICCopen2017"]
[Site "Internet Chess Club"]
[Date "2017.03.19"]
[Round "10"]
[White "DaveyJones"]
[Black "Pschaak"]
[Result "0-1"]
[ICCResult "White forfeits on time"]
[WhiteElo "1499"]
[BlackElo "1759"]
[Opening "English: symmetrical variation"]
[ECO "A30"]
[NIC "EO.64"]
[Time "21:03:39"]
[TimeControl "180+0"]

1. c4 c5 2. Nf3 g6 3. Nc3 Bg7 4. d3 Nc6 5. Rb1 a6 6. g3 Rb8 7. Bg2 b5 8.
cxb5 axb5 9. Bd2 Nf6 10. O-O O-O 11. Ne4 Nxe4 12. dxe4 d6 13. Bc3 Bxc3 14.
bxc3 Be6 15. Qd2 Qa5 16. Rb2 Qa3 17. Rfb1 Bc4 18. e3 Rfd8 19. Bf1 Bxf1 20.
Kxf1 b4 21. Qd5 bxc3 22. Rxb8 Rxb8 23. Rxb8+ Nxb8 24. Ne1 Qa6+ 25. Kg2 c4
26. Qd1 Qxa2 27. Qc2 Qxc2 28. Nxc2 Nc6 29. f4 e5 30. Kf2 f6 31. Ke2 Kf7 32.
Kd1 Ke6 33. Ke2 d5 34. Kf3 dxe4+ 35. Kxe4 f5+ 36. Kf3 Na5 37. Ke2 Kd5 38.
Kf3 Nb3 39. Ke2 Nd4+ 40. exd4 exd4 {White forfeits on time} 0-1

[Event "ICCopen2017"]
[Site "Internet Chess Club"]
[Date "2017.03.19"]
[Round "10"]
[White "rjohnson812"]
[Black "Dupinpon"]
[Result "0-1"]
[ICCResult "White forfeits on time"]
[WhiteElo "1393"]
[BlackElo "1587"]
[Opening "Van't Kruijs opening"]
[ECO "A00"]
[Time "21:03:29"]
[TimeControl "180+0"]

1. e3 e5 2. d4 e4 3. c4 Nf6 4. Nc3 c6 5. d5 d6 6. Qc2 cxd5 7. cxd5 Bf5 8.
Bb5+ Nbd7 9. Nge2 Rc8 10. Qb3 Be7 11. O-O O-O 12. Ng3 Nc5 13. Qd1 Bg6 14. b4
Na6 15. Bxa6 bxa6 16. Bb2 h5 17. h4 Qb6 18. a3 a5 19. Na4 Qb5 20. bxa5 Rc4
21. Rb1 Qxa4 22. Bd4 Qxd1 23. Rfxd1 Bd8 24. Bxa7 Bxa5 25. Rb7 Rfc8 26. Kh2
Ng4+ 27. Kh3 Nxf2+ 28. Kh2 Nxd1 29. Bd4 Bc3 30. Bxc3 Rxc3 31. Ra7 Rxe3 32.
Nf1 Re2 {White forfeits on time} 0-1

[Event "ICCopen2017"]
[Site "Internet Chess Club"]
[Date "2017.03.19"]
[Round "10"]
[White "Dabo"]
[Black "tirandopiezas"]
[Result "0-1"]
[ICCResult "White resigns"]
[WhiteElo "1980"]
[BlackElo "1860"]
[Opening "Ruy Lopez: closed, 9.d4"]
[ECO "C91"]
[NIC "RL.20"]
[Time "21:03:49"]
[TimeControl "180+0"]

1. e4 e5 2. Nf3 Nc6 3. Bb5 a6 4. Ba4 Nf6 5. O-O Be7 6. Re1 b5 7. Bb3 O-O 8.
d4 d6 9. c3 Nd7 10. a4 Rb8 11. axb5 axb5 12. d5 Nc5 13. dxc6 Nxb3 14. Qxb3
Be6 15. Qc2 f5 16. Nfd2 f4 17. f3 g5 18. Nf1 g4 19. Nbd2 Qe8 20. Ra7 Bd8 21.
c4 bxc4 22. Nxc4 Qxc6 23. Ra4 gxf3 24. gxf3 Kh8 25. Kf2 Bh4+ 26. Ke2 Bxe1
27. Kxe1 Rg8 28. b3 Rg1 29. Bb2 Rbg8 30. Qc3 Bxc4 31. Rxc4 Qb6 32. Qd3 R8g2
33. Rc2 Rxc2 34. Qxc2 Qe3+ 35. Qe2 Qxb3 36. Kf2 Qb6+ {White resigns} 0-1

[Event "ICCopen2017"]
[Site "Internet Chess Club"]
[Date "2017.03.19"]
[Round "10"]
[White "chessrex"]
[Black "jajaba"]
[Result "1-0"]
[ICCResult "Black resigns"]
[WhiteElo "1948"]
[BlackElo "1846"]
[Opening "Queen's pawn game, Chigorin variation"]
[ECO "A40"]
[NIC "QO.17"]
[Time "21:03:59"]
[TimeControl "180+0"]

1. d4 Nc6 2. Nf3 d5 3. Nc3 Bg4 4. Ne5 Nxe5 5. dxe5 c6 6. f3 Bh5 7. Bf4 e6 8.
g4 Bg6 9. h4 h5 10. e3 Bb4 11. Bg3 Bxc3+ 12. bxc3 Ne7 13. Bd3 hxg4 14. fxg4
Qa5 15. Qd2 O-O-O 16. h5 Qa4 17. Qe2 Be4 18. Rh2 g5 19. Kf2 Rdf8 20. Kg1 f5
21. exf6 Rxf6 22. Be5 Bf3 23. Qf2 Qxg4+ 24. Qg3 Qxg3+ 25. Bxg3 Rhf8 26. h6
Rh8 27. Be5 Rhxh6 28. Bxf6 Rxf6 29. Rf1 Kd7 30. Rhf2 g4 31. Be2 Rg6 32. Bxf3
gxf3+ 33. Kh2 Nf5 34. Rxf3 Nh4 35. Rg3 Rh6 36. Rh3 Kd6 37. Rf4 {Black
resigns} 1-0

[Event "ICCopen2017"]
[Site "Internet Chess Club"]
[Date "2017.03.19"]
[Round "10"]
[White "Fighterman"]
[Black "whiteshark"]
[Result "1-0"]
[ICCResult "Black resigns"]
[WhiteElo "2479"]
[BlackElo "2485"]
[Opening "Queen's pawn game"]
[ECO "A45"]
[NIC "OI.08"]
[Time "21:04:28"]
[TimeControl "180+0"]

1. d4 Nf6 2. Nc3 c5 3. d5 g6 4. e4 d6 5. Bb5+ Nbd7 6. a4 Bg7 7. Nf3 O-O 8.
O-O Re8 9. h3 e6 10. dxe6 Rxe6 11. Bc4 Re7 12. Qxd6 Nxe4 13. Nxe4 Rxe4 14.
Bxf7+ Kh8 15. Ng5 Re5 16. Be6 Rxg5 17. Bxg5 Qxg5 18. Bxd7 Bxd7 19. Qxd7 Rf8
20. Qxb7 Bd4 21. c3 Be5 22. Rae1 Qf4 23. g3 Qg5 24. h4 Qf6 25. Qe4 Bd6 26.
Qe6 Qd8 27. Rd1 Rf6 28. Qe5 Qf8 29. Rxd6 Qxd6 30. Qxd6 Rxd6 31. Re1 Rd2 32.
b4 Rc2 33. Re8+ Kg7 34. Re7+ Kg8 35. Rxa7 Rxc3 36. b5 Rb3 37. Rc7 Rb4 38.
Rxc5 Rxa4 39. Rc7 Rb4 40. Rb7 Rb2 41. b6 Rb1+ 42. Kg2 Rb3 43. h5 gxh5 44. f4
h6 45. f5 Kf8 46. f6 Kg8 47. Rg7+ Kf8 48. b7 Rb6 49. Rc7 {Black resigns} 1-0